 Dungeon Crawl Stone Soup version 0.27.1-2-g3b301248ec (webtiles) character file.

Game seed: 14599154940867081812

9 Descartes the Charlatan (level 2, -1/14 HPs)
             Began as a Spriggan Artificer on Sept 24, 2021.
             Slain by a jackal (3 damage)
             ... on level 1 of the Dungeon.
             The game lasted 00:01:55 (903 turns).

Descartes the Charlatan (Spriggan Artificer)         Turns: 903, Time: 00:01:56

Health: -1/14      AC:  2    Str:  8    XL:     2   Next: 6%
Magic:  3/3        EV: 18    Int: 12    God:
Gold:   24         SH:  0    Dex: 15    Spells: 1/1 levels left

rFire    . . .     SeeInvis +   g - +0 dagger
rCold    . . .     Faith    .   (shield restricted)
rNeg     . . .     Spirit   .   b - +0 robe
rPois    .         Reflect  .   (helmet restricted)
rElec    .         Harm     .   (no cloak)
rCorr    .         Rampage  .   (gloves unavailable)
Will     .....                  (boots unavailable)
Stlth    ++........             (no amulet)
HPRegen  0.04/turn              (no ring)
MPRegen  0.08/turn              (no ring)

@: very quick
A: very small, no large weapons, unfitting armour, see invisible, speed 3
a: no special abilities


You were on level 1 of the Dungeon.
You visited 1 branch of the dungeon, and saw 1 of its levels.

You collected 24 gold pieces.

Inventory:

Hand Weapons
 g - a +0 dagger (weapon)
Missiles
 h - 5 stones
Armour
 b - a +0 robe (worn)
Wands
 c - a wand of flame (15) (quivered)
 d - a wand of charming (15)
Scrolls
 i - 3 scrolls of identify {unknown}
Potions
 a - a potion of lignification {unknown}
 f - 2 potions of berserk rage {unknown}
Miscellaneous
 e - a piece from Xom's chessboard (15/15)


   Skills:
 - Level 0.7 Fighting
 + Level 3.4 Dodging
 * Level 2.7 Stealth
 + Level 0.0 Spellcasting
 + Level 0.0 Conjurations
 + Level 0.0 Poison Magic
 + Level 4.2 Evocations


You had one spell level left.
You didn't know any spells.
Your spell library contained the following spells:

 Spells                   Type           Power      Damage    Failure   Level
 Corpse Rot               Necr/Air       N/A        N/A       45%         2
 Poisonous Vapours        Pois/Air       0%         N/A       45%         2
 Freezing Cloud           Conj/Ice/Air   0%         6-21      100%        5


Dungeon Overview and Level Annotations

Branches:
Dungeon (1/15)

Altars:


Innate Abilities, Weirdness & Mutations

You are very small and have problems with some larger weapons.
You are too small for most types of armour.
You have supernaturally acute eyesight. (SInv)
You cover ground extremely quickly. (Speed+++)


Message History

You hit the jackal but do no damage.
The jackal is moderately wounded.
The jackal closely misses you.
You closely miss the jackal.
The jackal is moderately wounded.
The jackal bites you but does no damage. x2
You barely miss the jackal.
The jackal is moderately wounded.
The jackal closely misses you.
Unknown command.
You barely miss the jackal.
The jackal is moderately wounded.
The jackal misses you.
You hit the jackal.
The jackal is heavily wounded.
The jackal closely misses you. The jackal barely misses you.
You hit the jackal.
The jackal is heavily wounded.
The jackal misses you.
You hit the jackal but do no damage.
The jackal is heavily wounded.
The jackal closely misses you. The jackal misses you.
You hit the jackal.
The jackal is severely wounded.
The jackal closely misses you.
You hit the jackal.
The jackal is almost dead.
The jackal bites you.
* * * LOW HITPOINT WARNING * * *
You closely miss the jackal.
The jackal is almost dead.
The jackal barely misses you. The jackal closely misses you.
You completely miss the jackal.
The jackal is almost dead.
The jackal barely misses you.
Unknown command.
You barely miss the jackal.
The jackal is almost dead.
The jackal bites you.
You die...

....^.# ##.#
......##...#### #..#
......#.......# ##.##
......#..(....# #..#
K######.......# #.## ..#
#.......# #.# ..#
#.....?.# #.# ♣.#
#......h########.### ..#
#....hKh@........# .##
#...###########....#######
∩. ... #..<.##....# ..# #
#...>##.>..# ..#
#....##....# 8.#
#....'#'#### ..# #....#.##
#....### #....#


You could see 3 jackals and a kobold.

Vanquished Creatures
  A giant cockroach (D:1)
  2 goblins (D:1)
  A jackal (D:1)
  2 frilled lizards (D:1)
  2 kobolds (D:1)
  A rat (D:1)
9 creatures vanquished.

Notes
Turn   | Place    | Note
-------+----------+-------------------------------------------
     0 | D:1      | Descartes the Spriggan Artificer began the quest for the
                  | Orb.
     0 | D:1      | Reached XP level 1. HP: 9/9 MP: 2/2
   472 | D:1      | Reached XP level 2. HP: 14/14 MP: 3/3
   485 | D:1      | Found a faded altar of an unknown god.
   903 | D:1      | Slain by a jackal

Illustrated notes

Levels and vault maps discovered:
D:1:      dpeg_arrival_connections, layout_rooms,
          hellmonk_ecumenical_altar_arch_garden

Skill      XL: |  1 |
---------------+----+-----
Stealth        | 2 |  2.7
Fighting       | |  0.7
Dodging        | |  3.4
Evocations     | |  4.2

Action                   || total
-------------------------++-------
Melee: Dagger            ||    60
       Club              ||     6
Armor: Robe              ||     5
Dodge: Dodged            ||    76
